Map: [TLMC15] Glittering Ashes

Players

Serral

  • Race: Zerg Zerg
  • League: Master

LiquidClem (Clem) - Winner!

  • Race: Terran Terran
  • League: Master

VOD

https://www.youtube.com/watch?v=twRb6ipOKj4

Description

Time

  • Played on: Oct. 24, 2021, 4:01 p.m.
  • Length: 17:44
Show
View Real Time Build Order
Export as new Build Order

Serral Zerg 

Build Orders: Hatch First, Lurkers 

Get SALT Encoding   

  12  0:00  Drone  
  13  0:12  Overlord  
  13  0:16  Drone  
  14  0:30  Drone  
  14  0:31  Drone  
  16  0:47  Hatchery  
  15  0:51  Drone  
  15  0:55  Drone  
  17  0:57  Drone  
  18  1:09  Extractor  
  17  1:13  Spawning Pool  
  17  1:16  Drone  
  17  1:19  Drone  
  18  1:28  Drone  
  19  1:39  Drone  
  20  1:49  Drone  
  21  1:59  Queen x2  
  21  2:00  Zergling x2  
  21  2:01  Zergling x2  
  27  2:10  Overlord  
  27  2:11  Drone  
  28  2:22  Hatchery  
  27  2:26  Drone  
  28  2:32  Drone x3  
  31  2:38  Metabolic Boost  
  31  2:45  Queen  
  31  2:50  Overlord  
  33  2:53  Drone  
  33  2:56  Drone  
  33  2:58  Drone  
  36  3:03  Overlord  
  36  3:11  Drone x4  
  40  3:16  Queen  
  42  3:20  Drone  
  42  3:24  Queen  
  45  3:29  Zergling x2  
  45  3:32  Drone x2  
  48  3:35  Queen  
  48  3:40  Overlord  
  50  3:42  Drone x2  
  50  3:46  Zergling x2  
  50  3:47  Overlord  
  53  3:49  Drone  
  53  3:51  Drone  
  53  3:52  Drone  
  56  3:57  Queen  
  56  4:02  Queen  
  60  4:04  Drone  
  61  4:11  Queen, Overlord  
  61  4:14  Drone x2  
  61  4:15  Drone  
  66  4:19  Zergling x6  
  66  4:23  Drone, Zergling x2  
  71  4:26  Overlord  
  71  4:27  Drone  
  71  4:28  Drone  
  71  4:31  Overlord  
  73  4:32  Drone  
  73  4:35  Overlord  
  73  4:36  Drone  
  73  4:37  Drone  
  76  4:40  Drone  
  76  4:41  Drone  
  76  4:42  Zergling x2  
  76  4:45  Extractor  
  78  4:48  Drone x2, Evolution Chamber  
  78  4:50  Drone x2, Evolution Chamber  
  80  4:53  Spore Crawler  
  80  4:57  Spore Crawler x2  
  77  5:01  Drone x3  
  77  5:02  Drone  
  77  5:06  Zergling x4  
  83  5:13  Drone x3  
  85  5:15  Zerg Melee Weapons Level 1, Zerg Ground Armor Level 1  
  85  5:19  Overlord  
  85  5:21  Zergling x2  
  85  5:23  Drone  
  85  5:24  Spore Crawler  
  85  5:28  Lair  
  84  5:29  Drone x2  
  84  5:30  Extractor  
  84  5:31  Drone  
  84  5:32  Drone x2  
  86  5:44  Drone x3  
  86  5:46  Drone x4  
  86  5:48  Drone  
  86  5:49  Drone  
  93  5:52  Hatchery  
  93  5:55  Drone x3  
  93  5:56  Baneling Nest  
  93  5:59  Drone  
  93  6:00  Overlord  
  93  6:02  Drone  
  93  6:03  Drone  
  95  6:05  Extractor  
  95  6:06  Drone x2  
  95  6:07  Extractor  
  95  6:09  Drone  
  95  6:11  Drone  
  95  6:19  Drone x2  
  95  6:23  Overlord  
  97  6:26  Drone x2  
  97  6:27  Drone x5, Overlord  
  97  6:31  Zergling x2  
  105  6:34  Overseer, Zergling x4  
  105  6:37  Overseer  
  105  6:39  Overlord  
  107  6:41  Zergling x6, Centrifugal Hooks  
  107  6:42  Baneling x2  
  107  6:43  Baneling x6  
  107  6:47  Drone, Hydralisk Den  
  111  6:48  Spore Crawler  
  111  6:49  Drone  
  111  6:53  Zergling x8  
  114  6:58  Drone  
  114  6:59  Zergling x6  
  117  7:01  Overseer  
  117  7:03  Zergling x2  
  117  7:04  Zergling x8  
  122  7:13  Zergling x4  
  122  7:15  Queen  
  122  7:17  Hatchery  
  122  7:19  Muscular Augments  
  122  7:21  Zerg Melee Weapons Level 2  
  122  7:23  Zerg Ground Armor Level 2  
  122  7:26  Drone x3  
  125  7:30  Baneling x4  
  125  7:31  Baneling  
  125  7:36  Overlord x2  
  125  7:40  Zergling x18  
  125  7:41  Zergling x2  
  131  7:48  Zergling x4  
  131  7:49  Zergling x4  
  131  7:51  Burrow  
  135  7:52  Pneumatized Carapace, Baneling x2  
  135  7:53  Overseer x2  
  135  7:56  Zergling x6  
  135  7:57  Zergling x4  
  139  8:01  Baneling x5  
  139  8:02  Baneling  
  139  8:03  Zergling x12  
  143  8:16  Zergling x2  
  143  8:17  Zergling x14  
  131  8:25  Zergling x8  
  122  8:27  Zergling x2  
  122  8:29  Zergling x2  
  122  8:30  Zergling x10  
  122  8:31  Baneling x7  
  122  8:32  Baneling x4  
  122  8:33  Zergling x2  
  129  8:41  Hydralisk x3  
  129  8:47  Hydralisk x2  
  132  8:52  Hydralisk x2  
  136  8:55  Extractor  
  136  8:56  Extractor  
  136  8:57  Zergling x2  
  136  9:01  Overlord  
  134  9:07  Zergling x10  
  134  9:08  Zergling x12  
  134  9:09  Baneling  
  139  9:10  Baneling x8  
  139  9:15  Hatchery  
  131  9:17  Zergling x8  
  134  9:26  Overseer, Baneling x2  
  134  9:27  Hydralisk  
  134  9:28  Grooved Spines, Hydralisk x2  
  134  9:31  Overlord x4  
  140  9:36  Queen  
  139  9:39  Zergling x2  
  139  9:40  Zergling x12  
  139  9:43  Zergling x2  
  139  9:44  Zergling x2  
  148  9:46  Zerg Missile Weapons Level 1  
  148  9:49  Zergling x2  
  149  9:54  Baneling x3  
  146  10:00  Zergling x12  
  146  10:05  Zergling x14  
  152  10:08  Zergling x4  
  150  10:14  Queen  
  150  10:20  Drone x3  
  147  10:21  Hydralisk x3  
  150  10:31  Hydralisk x6  
  150  10:34  Hatchery  
  156  10:36  Baneling x7  
  156  10:39  Queen x2  
  159  10:44  Hydralisk  
  159  10:45  Zergling x8  
  159  10:49  Zergling x2  
  166  10:55  Zergling x2  
  166  10:56  Zergling x10  
  172  10:59  Infestation Pit  
  172  11:01  Zergling x8  
  170  11:05  Zergling x10  
  173  11:13  Baneling x6  
  173  11:14  Zergling x8  
  173  11:26  Zergling x6  
  173  11:27  Overlord  
  173  11:28  Overseer, Overlord x2  
  173  11:29  Baneling x2  
  176  11:36  Hive  
  176  11:39  Overlord  
  166  11:41  Overlord  
  166  11:52  Zerg Missile Weapons Level 2, Baneling x4  
  166  11:55  Hydralisk x7  
  180  12:02  Zergling x22  
  180  12:04  Overseer  
  189  12:12  Zergling x10  
  194  12:19  Overseer  
  188  12:32  Drone x2  
  188  12:33  Drone  
  188  12:36  Baneling x8  
  191  12:38  Zergling x18  
  191  12:44  Baneling x12  
  184  12:54  Zergling x24  
  184  12:57  Zerg Ground Armor Level 3  
  179  13:00  Viper  
  179  13:03  Lurker Den  
  179  13:06  Zergling x4  
  170  13:12  Zergling x2  
  170  13:13  Zergling x18  
  177  13:21  Zergling x10  
  175  13:32  Zergling x18  
  175  13:33  Baneling x2  
  181  13:37  Extractor  
  181  13:38  Drone  
  181  13:40  Overlord x3  
  181  13:45  Baneling x8  
  181  13:48  Hatchery  
  181  13:53  Spore Crawler  
  181  13:55  Baneling x19  
  179  13:57  Drone  
  179  13:58  Overseer  
  175  14:03  Zergling x16  
  164  14:10  Zergling x14  
  164  14:14  Seismic Spines  
  168  14:23  Zergling x18  
  168  14:26  Baneling x6  
  168  14:27  Overseer  
  167  14:36  Drone x2  
  169  14:42  Zergling x28  
  174  14:51  Lurker  
  174  14:55  Lurker x12  
  186  15:00  Baneling x4  
  161  15:08  Zergling x20  
  161  15:11  Adaptive Talons  
  166  15:19  Zergling x16  
  168  15:28  Lurker x8  
  176  15:29  Lurker  
  177  15:36  Overseer  
  177  15:45  Zergling x32  
  178  16:05  Baneling x4, Overlord x3  
  178  16:06  Zergling x2  
  178  16:07  Zergling x24  
  174  16:13  Zergling x12  
  163  16:22  Hydralisk  
  163  16:23  Hydralisk x4  
  173  16:28  Baneling x7  
  173  16:35  Zergling x6  
  173  16:36  Zergling x14  
  182  16:44  Zergling x12  
  161  16:48  Overseer  
  161  16:51  Drone, Zergling x2  
  161  16:52  Zergling x6  
  165  16:57  Zergling x6  
  150  17:05  Hydralisk x7  
  154  17:14  Lurker  
  148  17:18  Hydralisk x7  
  145  17:27  Baneling x4  
  145  17:28  Baneling  
  142  17:30  Hatchery  
  142  17:32  Lurker x7  
Show
View Real Time Build Order
Export as new Build Order

LiquidClem Terran - Winner!

Build Orders: Reaper Expand, Hellion Banshee 

Get SALT Encoding   

  12  0:00  SCV  
  13  0:12  SCV  
  14  0:16  Supply Depot  
  14  0:24  SCV  
  15  0:38  SCV  
  15  0:40  Barracks  
  16  0:43  Refinery  
  16  0:50  SCV  
  17  1:02  SCV  
  18  1:14  SCV  
  19  1:27  Reaper, Orbital Command  
  20  1:39  Command Center  
  20  1:47  Supply Depot  
  20  1:53  SCV  
  21  1:59  Marine  
  22  2:05  SCV  
  23  2:11  Factory  
  23  2:17  SCV  
  23  2:21  Barracks Reactor  
  24  2:29  SCV  
  25  2:37  Command Center  
  25  2:41  SCV  
  26  2:51  Orbital Command  
  26  2:53  SCV  
  27  2:59  Starport  
  27  3:03  Refinery  
  27  3:06  SCV  
  27  3:10  Hellion  
  30  3:13  Hellion  
  30  3:16  SCV  
  30  3:18  SCV  
  34  3:20  Barracks Tech Lab  
  34  3:29  SCV  
  34  3:30  SCV  
  34  3:31  Hellion  
  38  3:35  Hellion  
  38  3:41  SCV  
  41  3:42  Banshee  
  41  3:43  SCV  
  45  3:50  Orbital Command  
  45  3:53  SCV  
  45  3:54  Cloaking Field  
  45  3:55  SCV  
  47  3:59  Hellion  
  47  4:01  Hellion  
  51  4:06  SCV  
  51  4:07  Supply Depot, SCV  
  53  4:11  Barracks Tech Lab  
  53  4:15  SCV  
  54  4:20  SCV  
  54  4:22  SCV  
  54  4:23  Hellion  
  58  4:25  Banshee  
  58  4:29  Barracks, Hellion  
  58  4:30  SCV  
  64  4:34  Barracks, SCV  
  64  4:36  SCV  
  66  4:39  Supply Depot  
  66  4:40  Stimpack  
  66  4:44  Marine  
  68  4:46  SCV  
  68  4:47  Refinery  
  68  4:49  Orbital Command  
  68  4:51  Refinery  
  69  4:53  SCV  
  69  5:00  Factory Reactor  
  69  5:01  Supply Depot, SCV  
  69  5:02  Marine, Supply Depot  
  69  5:05  SCV, Engineering Bay  
  69  5:06  Engineering Bay  
  72  5:13  SCV  
  73  5:17  SCV  
  73  5:20  Marine  
  76  5:23  Starport Reactor  
  76  5:26  Barracks Reactor  
  75  5:28  SCV  
  75  5:29  SCV x2  
  75  5:30  Barracks x2  
  75  5:33  Terran Infantry Weapons Level 1, Terran Infantry Armor Level 1  
  75  5:34  Marine  
  79  5:37  Marine  
  79  5:38  Marine  
  79  5:41  SCV x3  
  80  5:49  Widow Mine  
  77  5:50  Widow Mine  
  77  5:52  Marine  
  77  5:53  Supply Depot, SCV  
  77  5:54  Marine, SCV  
  77  5:55  Marine, SCV  
  83  6:01  Supply Depot  
  83  6:03  Medivac x2  
  87  6:05  SCV  
  87  6:10  Marine, Supply Depot  
  87  6:11  Marine x2  
  89  6:13  SCV  
  89  6:14  SCV  
  89  6:17  SCV  
  94  6:20  Marine, Combat Shield, Supply Depot  
  94  6:21  Barracks Reactor x2  
  94  6:23  Widow Mine  
  94  6:25  Supply Depot, SCV, Widow Mine  
  100  6:26  Marine  
  100  6:27  SCV  
  100  6:29  Marine x2  
  105  6:32  SCV  
  105  6:37  SCV, Refinery  
  105  6:38  Factory  
  105  6:39  Marine  
  107  6:40  Marine, SCV  
  107  6:44  Marine  
  110  6:48  Marine, Supply Depot  
  110  6:50  Widow Mine x2  
  110  6:52  Command Center  
  110  6:54  Medivac  
  117  6:59  Marine x6  
  123  7:05  Marine, Armory  
  123  7:07  Marine, SCV  
  123  7:08  SCV x2  
  124  7:13  Medivac  
  124  7:14  Marine, Widow Mine x2  
  128  7:16  Marine, Supply Depot  
  128  7:18  Marine x2  
  131  7:23  Marine x3  
  131  7:24  Supply Depot  
  131  7:25  Widow Mine  
  131  7:26  Marine, Medivac  
  139  7:30  SCV  
  139  7:31  Supply Depot, SCV  
  139  7:32  Supply Depot  
  141  7:37  Marine x3, SCV  
  141  7:38  Widow Mine x2  
  149  7:45  Marine x3, Medivac  
  149  7:47  Widow Mine  
  149  7:48  Marine  
  157  7:52  Marine x2, Supply Depot  
  157  7:55  Marine x2, Supply Depot  
  157  7:57  Terran Infantry Weapons Level 2  
  161  7:59  Widow Mine, Drilling Claws  
  161  8:00  Supply Depot  
  161  8:02  Widow Mine  
  161  8:04  Marine  
  161  8:05  Marine  
  166  8:10  Marine, Widow Mine  
  164  8:18  Medivac  
  161  8:20  Widow Mine  
  161  8:22  Marine  
  161  8:23  Marine x2  
  161  8:24  Widow Mine  
  158  8:27  SCV  
  158  8:30  Barracks  
  158  8:32  Barracks  
  158  8:33  Terran Infantry Armor Level 2  
  159  8:34  Terran Vehicle And Ship Armor Level 1  
  159  8:35  Marine x2  
  159  8:36  Marine  
  159  8:37  Marine x3, Widow Mine  
  159  8:38  SCV  
  159  8:40  Marine  
  168  8:42  Widow Mine  
  168  8:48  Marine, Medivac, Widow Mine  
  172  8:49  Marine  
  172  8:52  Marine  
  172  8:53  Barracks  
  177  8:57  Marine, SCV x2  
  177  8:59  SCV  
  177  9:01  Planetary Fortress, Marine  
  182  9:03  Marine  
  182  9:07  Medivac, Widow Mine  
  182  9:08  Marine  
  182  9:09  Marine x2, SCV  
  185  9:10  Marine  
  185  9:11  SCV  
  185  9:15  Marine x3  
  188  9:18  Widow Mine  
  188  9:19  Marine  
  188  9:20  Marine  
  189  9:26  Marine, Barracks Tech Lab x2  
  189  9:30  Widow Mine  
  190  9:34  Widow Mine  
  190  9:37  Marine x2  
  190  9:38  Marine  
  195  9:40  Command Center  
  195  9:43  Marine, Barracks Tech Lab  
  195  9:44  Marauder  
  198  9:49  Refinery x2  
  198  9:50  Concussive Shells  
  198  9:51  Sensor Tower  
  198  9:57  Sensor Tower  
  198  9:59  Medivac  
  194  10:00  Marine x2, Widow Mine  
  194  10:05  Marine  
  194  10:06  Widow Mine  
  194  10:09  Marine x2, Marauder  
  196  10:16  Widow Mine  
  196  10:17  Marauder  
  196  10:21  Marine, Marauder, Command Center  
  197  10:31  Widow Mine  
  197  10:32  Marine x2  
  197  10:33  Marauder  
  197  10:34  Marauder, Widow Mine  
  196  10:37  Medivac  
  196  10:40  Widow Mine  
  196  10:41  Marine  
  200  10:48  Terran Infantry Weapons Level 3  
  200  10:49  Terran Vehicle And Ship Armor Level 2  
  200  11:00  Marine  
  200  11:01  Widow Mine  
  191  11:06  Marine, Marauder  
  191  11:07  Widow Mine  
  194  11:11  Marauder  
  194  11:12  Marine x2, Marauder  
  194  11:16  Marine x2, Marauder  
  189  11:20  Ghost Academy  
  189  11:24  Marine x2  
  184  11:26  Marine  
  184  11:27  Widow Mine  
  184  11:28  Marauder, Widow Mine  
  184  11:30  Planetary Fortress, Medivac  
  184  11:31  Marine  
  194  11:32  Marauder  
  194  11:33  Marine, Marauder  
  194  11:35  Marine x2  
  194  11:37  Widow Mine  
  194  11:38  Marauder, Medivac  
  190  11:42  Terran Infantry Armor Level 3  
  188  11:47  Command Center, Orbital Command  
  188  11:49  Marauder, Widow Mine  
  188  11:52  SCV  
  188  11:54  Marauder, Ghost  
  195  11:55  Siege Tank  
  198  12:14  Widow Mine  
  198  12:15  Marauder  
  198  12:16  Marine x2  
  198  12:17  Marine  
  198  12:20  Widow Mine  
  198  12:21  Marine  
  198  12:27  Widow Mine  
  199  12:34  Command Center  
  199  12:35  Missile Turret, Refinery  
  199  12:36  Missile Turret, Command Center  
  199  12:37  Missile Turret  
  199  12:38  Sensor Tower  
  193  12:44  Widow Mine  
  193  12:47  Marauder  
  193  12:50  Marauder  
  185  12:53  Marine, Widow Mine  
  185  12:54  Marauder  
  185  12:55  Ghost  
  185  12:56  Widow Mine  
  160  12:59  Medivac  
  160  13:00  Medivac  
  160  13:03  Marine  
  160  13:05  Widow Mine  
  167  13:08  Marauder  
  167  13:11  Marauder  
  167  13:12  Marine x2  
  149  13:13  Marine x5  
  149  13:14  Widow Mine  
  149  13:15  Marauder  
  149  13:18  Widow Mine  
  155  13:20  Marine  
  155  13:23  Marine  
  155  13:27  Widow Mine  
  159  13:29  Marauder  
  159  13:30  Marine x2  
  159  13:32  Marine, Ghost  
  159  13:34  Marine x2  
  165  13:36  Marauder, Widow Mine  
  165  13:39  Siege Tank  
  165  13:40  Terran Vehicle And Ship Armor Level 3, Command Center  
  174  13:41  Personal Cloaking  
  174  13:42  Marine x3, Ghost  
  174  13:48  Widow Mine  
  181  13:49  Marine  
  181  13:50  Marine x2  
  181  13:51  Marine, Marauder  
  181  13:52  Marine, Medivac x2  
  192  13:57  Widow Mine  
  192  13:59  Ghost  
  194  14:04  Ghost  
  194  14:09  Widow Mine  
  189  14:11  Widow Mine  
  189  14:12  Marauder  
  189  14:13  Ghost  
  191  14:19  Widow Mine  
  191  14:22  Marine x2, Medivac  
  177  14:28  Ghost  
  177  14:31  Widow Mine  
  179  14:37  Ghost  
  179  14:38  Ghost  
  183  14:42  Widow Mine x2  
  183  14:45  Viking  
  184  14:46  Marine x2  
  184  14:52  Widow Mine  
  184  14:53  Sensor Tower  
  184  14:54  Planetary Fortress  
  184  14:55  Missile Turret  
  184  15:00  Ghost  
  184  15:03  Widow Mine  
  184  15:04  Ghost  
  184  15:06  Ghost  
  176  15:08  Ghost  
  176  15:11  Widow Mine  
  176  15:14  Widow Mine  
  177  15:27  Widow Mine, Orbital Command  
  179  15:29  Ghost  
  179  15:33  Ghost  
  179  15:35  Ghost  
  183  15:36  Ghost  
  183  15:37  Marine x2, Widow Mine x2  
  193  15:46  Medivac  
  193  15:47  Marine  
  193  15:48  Widow Mine  
  193  15:53  Marine x4  
  195  15:58  Marauder, Widow Mine  
  199  16:16  Medivac  
  199  16:17  Marine x3, Widow Mine, Ghost  
  179  16:19  Ghost  
  179  16:20  Ghost  
  179  16:21  Widow Mine x2  
  179  16:23  Marine  
  186  16:26  Orbital Command  
  186  16:31  Marine x2, Marauder  
  190  16:33  Planetary Fortress  
  190  16:39  Widow Mine  
  192  16:43  Widow Mine  
  192  16:46  Ghost  
  186  16:48  Ghost x2  
  186  16:49  Widow Mine  
  186  16:53  Marauder  
  193  16:58  Marine  
  193  17:00  Widow Mine  
  177  17:02  Medivac  
  177  17:04  Widow Mine  
  177  17:08  Marine x3  
  173  17:14  Marauder  
  173  17:15  Marauder, SCV, Command Center  
  178  17:17  Marauder  
  178  17:18  Command Center  
  182  17:29  Missile Turret, SCV  
Tags
 
Add a new tag
Caveats
  • Supply blocks, unpowered buildings, or Contaminate may cause inaccurate times.
  • Supply counts are checked every 10 seconds.